 Dungeon Crawl Stone Soup version 0.27-a0-1431-gcffa5a9b16 (webtiles) character file.

Game seed: 7440078274406538036

226 wesbby the Ruffian (level 5, -19/53 HPs)
             Began as a Troll Berserker on July 2, 2021.
             Was a Believer of Trog.
             Demolished by an ogre (26 damage)
             ... on level 4 of the Dungeon.
             The game lasted 00:03:20 (1777 turns).

wesbby the Ruffian (Troll Berserker)                Turns: 1777, Time: 00:03:20

Health: -19/53     AC:  4    Str: 26    XL:     5   Next: 69%
Magic:  4/4        EV: 10    Int:  3    God:    Trog [**....]
Gold:   22         SH:  0    Dex:  9    Spells: 4/4 levels left

rFire    . . .     SeeInvis .     - Unarmed
rCold    . . .     Faith    .   (no shield)
rNeg     . . .     Spirit   .   a - +0 animal skin
rPois    .         Reflect  .   (helmet restricted)
rElec    .         Harm     .   (no cloak)
rCorr    .         Rampage  .   (gloves unavailable)
Will     .....                  (boots unavailable)
Stlth    +.........             (no amulet)
HPRegen  1.17/turn              (no ring)
MPRegen  0.09/turn              (no ring)

@: on berserk cooldown, slowed, very slow
A: large, unfitting armour, claws 3, regeneration 1, shaggy fur 1, tough skin 1
a: Renounce Religion, Berserk, Trog's Hand


You were on level 4 of the Dungeon.
You worshipped Trog.
Trog was pleased with you.
You visited 1 branch of the dungeon, and saw 4 of its levels.

You collected 78 gold pieces.
You spent 56 gold pieces at shops.

Inventory:

Missiles
 c - 117 stones (quivered)
Armour
 a - a +0 animal skin (worn)
 f - a +0 robe
Scrolls
 b - a scroll of teleportation
 i - a scroll of brand weapon {unknown}
 j - a scroll of magic mapping {unknown}
 k - a scroll of enchant armour {unknown}
 l - a scroll of holy word {unknown}
Potions
 d - 2 potions of curing
 e - a potion of attraction {unknown}
 g - a potion of invisibility {unknown}
 h - a potion of heal wounds {unknown}


   Skills:
 * Level 3.4 Fighting
 + Level 3.1 Dodging
 * Level 5.1 Unarmed Combat


You had 4 spell levels left.
You didn't know any spells.
Your spell library was empty.

Dungeon Overview and Level Annotations

Branches:
Dungeon (4/15)
 Temple: D:4-7

Altars:
Okawaru

Shops:
D:3 *!?*?   D:4 [


Innate Abilities, Weirdness & Mutations

You are too large for most types of armour.
You have claws for hands.
Your natural rate of healing is unusually fast.
You are covered in fur. (AC +1)
You have tough skin. (AC +1)


Message History

You feel strangely unstable. The orc hits you with a +0 hand axe.
* * * LOW HITPOINT WARNING * * *
Your surroundings suddenly seem different.
An orc comes into view. It is wielding a +0 short sword.
The orc shouts!
An orc comes into view. It is wielding a +0 whip.
The orc shouts!
An orc priest comes into view. It is wielding a +0 short sword.
The orc priest shouts!
An ogre comes into view. It is wielding a +0 giant club.
The ogre shouts!
The orc priest hits you with a +0 short sword.
* * * LOW HITPOINT WARNING * * *
The orc priest casts a cantrip, but nothing happens.
The orc hits you but does no damage. The orc closely misses you.
You mangle the orc!!
You kill the orc!
Trog accepts your kill.
You closely miss the orc priest.
The orc priest hits you with a +0 short sword.
* * * LOW HITPOINT WARNING * * *
The orc priest hits you with a +0 short sword.
* * * LOW HITPOINT WARNING * * *
You're still recovering from your berserk rage.
Okay, then.
You scratch the orc priest.
The orc priest is lightly wounded.
The orc priest hits you with a +0 short sword.
* * * LOW HITPOINT WARNING * * *
You claw the orc priest!
You kill the orc priest!
Trog accepts your kill.
Your Unarmed Combat skill increases to level 5!
You barely miss the orc. The orc closely misses you. x2
You claw the orc!
You kill the orc!
Trog accepts your kill.
The ogre hits you with a +0 giant club!!
You die...

#.#.#.# .
#.....# .
#.....#
#.....#
#.....# .
#.....# #
#.#......
#O# #....
. #@# ##.
#........
#########


You could see an ogre.

Vanquished Creatures
  A necrophage (D:4)
  2 orc priests (D:4)
  3 adders (D:2)
  A shadow imp (D:3)
  3 dart slugs
  4 orcs (D:4)
  3 bats
  An endoplasm (D:2)
  A giant cockroach (D:4)
  4 goblins
  6 hobgoblins
  3 ball pythons
  7 frilled lizards
  5 kobolds
  2 rats
46 creatures vanquished.

Notes
Turn   | Place    | Note
-------+----------+-------------------------------------------
     0 | D:1      | wesbby the Troll Berserker began the quest for the Orb.
     0 | D:1      | Reached XP level 1. HP: 22/22 MP: 0/0
   302 | D:1      | Reached XP level 2. HP: 24/29 MP: 1/1
   948 | D:2      | Reached ** piety under Trog
   949 | D:2      | Reached XP level 3. HP: 36/36 MP: 2/2
  1240 | D:3      | Found Luestryfi's General Store.
  1245 | D:3      | Bought a scroll of teleportation for 30 gold pieces
  1350 | D:3      | Reached XP level 4. HP: 45/45 MP: 3/3
  1371 | D:3      | Reached skill level 4 in Unarmed Combat
  1391 | D:3      | Found Romnoc's Magic Scroll Emporium.
  1400 | D:3      | Bought a scroll of identify for 26 gold pieces
  1442 | D:3      | Found Xueschopo's Magic Scroll Shop.
  1466 | D:3      | Found Lantixow's Assorted Antiques.
  1551 | D:3      | Found Qaeko's Distillery.
  1651 | D:4      | Found an iron altar of Okawaru.
  1735 | D:4      | Found Gohipt's Armour Emporium.
  1753 | D:4      | Noticed a necrophage
  1763 | D:4      | Killed a necrophage
  1764 | D:4      | Reached XP level 5. HP: 24/53 MP: 4/4
  1768 | D:4      | Noticed an ogre
  1774 | D:4      | HP: 2/53 [orc priest (5)]
  1776 | D:4      | Reached skill level 5 in Unarmed Combat
  1777 | D:4      | Demolished by an ogre

Illustrated notes

Levels and vault maps discovered:
D:1:      minmay_arrival_cross, layout_basic, minmay_misc_feat_four_crosses,
          minmay_hedge_maze
D:2:      layout_rooms
D:3:      layout_rooms, serial_shops, shop, shop, nicolae_square_shop, shop,
          nicolae_lakefront_shop
D:4:      layout_basic, okawaru_gym_becter, lemuel_doored_altar, serial_shops,
          nicolae_shop_statue_plus

Skill      XL: |  1  2  3  4  5 |
---------------+----------------+-----
Fighting       | 3 |  3.4
Unarmed Combat | 4 5 |  5.1
Dodging        | 3 |  3.1

Action                   |  1- 3 |  4- 6 || total
-------------------------+-------+-------++-------
Melee: Unarmed           |    76 |    28 ||   104
Invok: Berserk           |       |     1 ||     1
  Use: Scroll            |       |     2 ||     2
Armor: Animal skin       |    27 |    12 ||    39
Dodge: Dodged            |    32 |    17 ||    49

Table legend: (Time is in decaauts)
 A = Elapsed time spent in this place.
 B = Non-inter-level travel time spent in this place.
 C = Inter-level travel time spent in this place.
 D = Time resting spent in this place.
 E = Time spent auto-exploring this place.
 F = Levels seen in this place.
 G = Mean time per level.
                   A        B        C        D        E       F      G
               +--------+--------+--------+--------+--------+-----+--------+
         Total |   1770 |   1613 |    157 |      0 |   1366 |   4 |  442.5 |
       Dungeon |   1770 |   1613 |    157 |      0 |   1366 |   4 |  442.5 |
               +--------+--------+--------+--------+--------+-----+--------+

Top non-repeatable levels by time:
     D:1: 828 daAuts
     D:3: 438 daAuts
     D:2: 376 daAuts
     D:4: 126 daAuts
